 Dungeon Crawl Stone Soup version 0.29.1-1-gd02db6906a (webtiles) character file.

Game seed: 11164277503726337773

136 raistware the Conjurer (level 5, 0/31 HPs)
             Began as an Octopode Conjurer on Sept 20, 2022.
             Slain by a kobold
             ... wielding a +0 whip
              (4 damage)
             ... on level 3 of the Dungeon.
             The game lasted 00:07:09 (3122 turns).

raistware the Conjurer (Octopode Conjurer)          Turns: 3122, Time: 00:07:09

Health: 0/31       AC:  1    Str:  7    XL:     5   Next: 19%
Magic:  3/11       EV: 13    Int: 22    God:
Gold:   18         SH:  0    Dex: 10    Spells: 7/12 levels left

rFire   . . .      SeeInvis .   m - +2 short sword (flame)
rCold   . . .      Faith    .   (no shield)
rNeg    . . .      Spirit   .   (helmet restricted)
rPois   .          Reflect  .   (no amulet)
rElec   .          Harm     .   (no ring)
rCorr   .          Rampage  .   (no ring)
Will    .....                   (no ring)
Stlth   +++.......              (no ring)
HPRegen 0.10/turn               (no ring)
MPRegen 0.12/turn               (no ring)
                                (no ring)
                                (no ring)

@: no status effects
A: almost no armour, amphibious, 8 rings, camouflage 1, gelatinous body 1,
(nimble swimmer 1), tentacles
a: no special abilities


You were on level 3 of the Dungeon.
You visited 1 branch of the dungeon, and saw 3 of its levels.

You collected 185 gold pieces.
You spent 167 gold pieces at shops.

Inventory:

Hand Weapons
 m - a +2 short sword of flaming (weapon)
Missiles
 o - 4 silver javelins
Jewellery
 c - a ring of fire
Scrolls
 d - a scroll of enchant weapon
 f - a scroll of teleportation
 g - a scroll of vulnerability {unknown}
 n - a scroll of fear {unknown}
 p - a scroll of enchant armour {unknown}
 q - a scroll of amnesia {unknown}
 r - a scroll of magic mapping {unknown}
Potions
 a - a potion of magic
 b - a potion of flight {unknown}
 e - 2 potions of mutation {unknown}
 h - a potion of attraction {unknown}
 i - a potion of haste {unknown}
 j - 2 potions of degeneration {unknown}
 k - 2 potions of curing
 l - a potion of brilliance {unknown}
 s - a potion of resistance {unknown}


   Skills:
 - Level 2.0 Dodging
 - Level 2.6 Stealth
 + Level 4.1 Spellcasting
 + Level 4.2 Conjurations
 - Level 2.0 Translocations


You had 7 spell levels left.
You knew the following spells:

 Your Spells              Type           Power      Damage    Failure   Level
a - Magic Dart            Conj           92%        1d7       1%          1
b - Iskenderun's Mystic   Conj/Tloc      18%        2d6       30%         4

Your spell library contained the following spells:

 Spells                   Type           Power      Damage    Failure   Level
 Searing Ray              Conj           46%        2d6       3%          2
 Shock                    Conj/Air       52%        1d6       4%          1
 Static Discharge         Conj/Air       13%        3-5/arc   7%          2
 Dazzling Flash           Conj/Hex       26%        N/A       14%         3
 Portal Projectile        Hex/Tloc       16%        N/A       22%         3
 Call Canine Familiar     Summ           4%         N/A       32%         3
 Swiftness                Air            4%         N/A       32%         3
 Fulminant Prism          Conj/Hex       6%         3d7       43%         4
 Airstrike                Air            2%         2d(1-17)  73%         4
 Leda's Liquefaction      Hex/Erth       2%         N/A       73%         4
 Lightning Bolt           Conj/Air       6%         1d18      78%         5
 Maxwell's Capacitive Co  Air            2%         ∞         100%        8


Dungeon Overview and Level Annotations

Branches:
Dungeon (3/15)

Altars:
Okawaru
Wu Jian

Shops:
D:1 [??[   D:2 *!::   D:3 *


Innate Abilities, Weirdness & Mutations

You cannot wear most types of armour.
You are amphibious.
You can wear up to eight rings at the same time.
Your skin changes colour to match your surroundings (Stealth+).
Your rubbery body absorbs attacks. (AC +1, EV +1)
((You are camouflaged when in or above water. (Stealth+)))
You have tentacles for arms and can constrict up to eight enemies at once.


Message History

You barely miss the adder. Your grab misses the adder.
The adder is severely wounded.
You feel sick.
You are no longer poisoned.
The adder bites you but does no damage. The kobold hits you with a +0 whip.
The adder completely misses you.
Casting: Magic Dart (safe; 1% risk of failure)
Confirm with . or Enter, or press ? or * to list all spells.
The spell is extremely dangerous to miscast (30% risk of failure)!
Continue anyway?
You miscast Iskenderun's Mystic Blast.
You are very lightly contaminated with residual magic.
Nothing appears to happen.
The adder bites you. The kobold barely misses you.
The adder attacks as you move away! The adder misses you.
You closely miss the adder. Your grab misses the adder.
Your squeeze misses the adder.
The adder is severely wounded.
The adder bites you. The adder bites you but does no damage.
You hit the adder. You burn the adder.
You kill the adder!
The kobold throws a poisoned dart.
The poisoned dart barely misses you.
You hit the hobgoblin. You burn the hobgoblin. Your grab misses the hobgoblin.
The hobgoblin is heavily wounded.
The hobgoblin closely misses you.
You hit the hobgoblin. You burn the hobgoblin.
You kill the hobgoblin!
The kobold throws a poisoned dart.
The poisoned dart closely misses you. The kobold hits you with a +0 whip.
Your magical contamination has completely faded away.
You see here an adder corpse.
You hit the kobold but do no damage. Your grab misses the kobold.
Your squeeze misses the kobold. The kobold closely misses you.
You hit the kobold but do no damage. The kobold blocks your attack.
You squeeze the kobold, but do no damage.
The kobold hits you with a +0 whip.
* * * LOW HITPOINT WARNING * * *
The kobold hits you but does no damage.
You barely miss the kobold. You grab the kobold.
You constrict the kobold, but do no damage.
The kobold hits you with a +0 whip.
You die...

#...##.#....###...#
#. #....
##....∩######
#....... #....
####### ##.......
##... ##...........
#.........#
###...##...#
#....)##..
#.########.....#
#..K@...##.....#
.......###.##.....#
...##.. ##........#
#
#..........<######
#.....##.........#
##'###...........#
#. #.#.........# ##
#.#.........###
...............


You could see a kobold.

Vanquished Creatures
  Jessica (D:2)
  Terence (D:2)
  3 adders
  2 worms (D:3)
  An orc (D:3)
  3 bats
  7 endoplasms
  A giant cockroach (D:2)
  5 goblins
  4 hobgoblins
  2 jackals (D:3)
  3 quokkas
  6 ball pythons
  5 frilled lizards
  5 kobolds
  4 rats
53 creatures vanquished.

Vanquished Creatures (others)
  8 plants (D:1)
  16 withered plants (D:1)
24 creatures vanquished.

Grand Total: 77 creatures vanquished

Notes
Turn   | Place    | Note
-------+----------+-------------------------------------------
     0 | D:1      | raistware the Octopode Conjurer began the quest for the
                  | Orb.
     0 | D:1      | Reached XP level 1. HP: 11/11 MP: 3/3
     4 | D:1      | Noticed a merfolk
    10 | D:1      | Noticed a demonspawn
    14 | D:1      | Noticed a merfolk zombie
    43 | D:1      | Found Ofas's Antique Armour Shop.
   345 | D:1      | Reached XP level 2. HP: 8/17 MP: 0/5
   934 | D:1      | Found Okeckul's Magic Scroll Boutique.
   942 | D:1      | Bought a scroll of identify for 20 gold pieces
  1001 | D:1      | Found Elyed's Magic Scroll Boutique.
  1009 | D:1      | Bought a scroll of teleportation for 33 gold pieces
  1029 | D:1      | Found Rimmy's Antique Armour Emporium.
  1336 | D:1      | Found a faded altar of an unknown god.
  1399 | D:1      | Reached XP level 3. HP: 21/21 MP: 5/7
  1624 | D:2      | Found Plog's Book Emporium.
  1852 | D:2      | Found Raniskof's General Store.
  1928 | D:2      | Found Itrufalakk's Book Boutique.
  2013 | D:2      | Noticed Jessica
  2022 | D:2      | Killed Jessica
  2023 | D:2      | Reached XP level 4. HP: 20/27 MP: 1/10
  2226 | D:2      | Found Waock's Distillery.
  2227 | D:2      | Noticed Terence
  2235 | D:2      | Killed Terence
  2236 | D:2      | Reached skill level 1 in Translocations
  2240 | D:2      | Bought a potion of curing for 36 gold pieces
  2456 | D:2      | Found an ornate altar of the Wu Jian Council.
  2515 | D:2      | Learned a level 4 spell: Iskenderun's Mystic Blast
  2600 | D:3      | Found Poruo's Assorted Antiques.
  2608 | D:3      | Bought a scroll labelled LYLEAS JERPHO for 26 gold pieces
  2608 | D:3      | Bought a scroll labelled RUIJOP JELA for 26 gold pieces
  2608 | D:3      | Bought a scroll labelled TOSOUD FALURE for 26 gold pieces
  2909 | D:3      | Found an iron altar of Okawaru.
  2917 | D:3      | Reached XP level 5. HP: 31/31 MP: 3/11
  3122 | D:3      | Slain by a kobold

Illustrated notes

Levels and vault maps discovered:
D:1:      shiori_arrival_whats_in_store_for_you, layout_basic, serial_shops,
          shop, shop, nicolae_lakefront_shop, nicolae_shop_statue_plus,
          shapermc_ecumenical_altar_flowoftime, chequers_serial_rivers_room_b,
          minmay_misc_feat_tower, chequers_avenue
D:2:      layout_basic, serial_shops, shop, shop_fountains, shop,
          nicolae_shop_stone, basic_altar, minmay_pentomino_r2, uniq_jessica,
          uniq_terence
D:3:      layout_basic, mainiacjoe_overflow_small_starburst, serial_shops,
          nicolae_lakefront_shop, shop, hangedman_decor_growths, minmay_vboxes

Skill      XL: |  1  2  3  4 |
---------------+-------------+-----
Spellcasting   | 3 4 |  4.1
Translocations | 2 |  2.0
Dodging        | |  2.0
Stealth        | |  2.6
Conjurations   | |  4.2

Action                   |  1- 3 |  4- 6 || total
-------------------------+-------+-------++-------
Melee: Unarmed           |    45 |       ||    45
       Constrict         |    26 |     6 ||    32
       Tentacles         |    11 |     3 ||    14
       Short sword       |     5 |    29 ||    34
 Cast: Magic Dart        |    68 |    30 ||    98
  Use: Scroll            |     1 |       ||     1
 Stab: Sleeping          |       |     2 ||     2
Armor: Skin              |     1 |     5 ||     6
Dodge: Dodged            |    15 |    25 ||    40
